 Dungeon Crawl Stone Soup version 0.30-a0-743-gbfdf073431 (webtiles) character file.

Game seed: 9786262290306589471

271 McKennaii the Conjurer (level 5, -2/10 (45) HPs)
             Began as a Demigod Reaver on Feb 5, 2023.
             Slain by a phantom (5 damage)
             ... on level 4 of the Dungeon.
             The game lasted 00:09:54 (3838 turns).

McKennaii the Conjurer (Demigod Reaver)             Turns: 3838, Time: 00:09:55

HP:   -2/10 (45)    AC:  3    Str: 13    XL:     5   Next: 70%
MP:   6/11          EV: 11    Int: 19    God:
Gold: 59            SH:  0    Dex: 12    Spells: 5/8 levels left

rFire   . . .      SeeInvis +    a - +0 spear
rCold   . . .      Faith    .    (no shield)
rNeg    . . .      Spirit   .    b - +0 leather armour
rPois   .          Reflect  .    (no helmet)
rElec   .          Harm     .    (no cloak)
rCorr   .          Rampage  .    (no gloves)
Will    .....                    (no boots)
Stlth   +                        (no amulet)
HPRegen 0.21/turn                r - ring of see invisible
MPRegen 0.12/turn                (no ring)

@: immotile, extremely drained
A: high MP 1, forlorn, divine attributes
a: no special abilities


You were on level 4 of the Dungeon.
You visited 1 branch of the dungeon, and saw 4 of its levels.

You collected 206 gold pieces.
You spent 147 gold pieces at shops.

Inventory:

Hand Weapons
 a - a +0 spear (weapon)
Armour
 b - a +0 leather armour (worn)
 j - a +0 chain mail
Jewellery
 r - a ring of see invisible (left hand)
Wands
 o - a wand of roots (6)
Scrolls
 c - 2 scrolls of vulnerability {unknown}
 g - 4 scrolls of identify {unknown}
 k - a scroll of butterflies {unknown}
 l - a scroll of amnesia {unknown}
 m - a scroll of enchant weapon {unknown}
 p - a scroll of enchant armour {unknown}
 t - a scroll of blinking
 v - a scroll of noise {unknown}
Potions
 e - 2 potions of curing {unknown}
 f - a potion of flight {unknown}
 i - a potion of cancellation {unknown}
 n - a potion of heal wounds {unknown}
 q - a potion of lignification {unknown}
 s - a potion of might {unknown}
 u - a potion of attraction {unknown}


   Skills:
 + Level 3.4 Fighting
 - Level 3.0 Polearms
 + Level 2.3 Armour
 - Level 2.0 Dodging
 - Level 1.3 Stealth
 + Level 2.2 Spellcasting
 + Level 3.7 Conjurations
 - Level 0.1 Necromancy


You had 5 spell levels left.
You knew the following spells:

 Your Spells              Type           Power      Damage    Failure   Level
a - Kiss of Death         Conj/Necr      36%        2d8       10%         1
b - Momentum Strike       Conj/Tloc      18%        3d8       14%         2

Your spell library contained the following spells:

 Spells                   Type           Power      Damage    Failure   Level
 Hailstorm                Conj/Ice       9%         3d4       28%         3
 Ignite Poison            Fire/Tmut/Pois 2%         N/A       54%         3
 Kindle Blastsparks       Fire/Tloc/Air  4%         2d10      54%         3
 Freezing Cloud           Conj/Ice/Air   3%         6-21      98%         5


Dungeon Overview and Level Annotations

Branches:
Dungeon (4/15)
 Temple: D:4-7

Shops:
D:3 =   D:4 ?


Innate Abilities, Weirdness & Mutations

You have an increased reservoir of magic. (+10% MP)
You shall have no god before yourself.
Your divine heritage dramatically boosts your attributes as you level up.


Message History

HP restored.
Magic restored.
Items here: ( ) [ †.
Casting: Momentum Strike (safe; 14% risk of failure)
Confirm with . or Enter, or press ? or * to list all spells.
You can't see any susceptible monsters within range! (Use Z to cast anyway.)
Casting: Momentum Strike (safe; 14% risk of failure)
Confirm with . or Enter, or press ? or * to list all spells.
Aiming: Momentum Strike (safe; 14% risk of failure)
Press: ? - help, Dir - move target, f - phantom
Aim: a phantom (56% to hit)
The concentrated momentum misses the phantom.
Unknown command.
Casting: Momentum Strike (safe; 14% risk of failure)
Confirm with . or Enter, or press ? or * to list all spells.
Aiming: Momentum Strike (safe; 14% risk of failure)
Press: ? - help, Dir - move target, f/p - phantom
Aim: a phantom (56% to hit)
The concentrated momentum misses the phantom.
Unknown command.
Casting: Momentum Strike (safe; 14% risk of failure)
Confirm with . or Enter, or press ? or * to list all spells.
Aiming: Momentum Strike (safe; 14% risk of failure)
Press: ? - help, Dir - move target, f/p - phantom
Aim: a phantom (56% to hit)
The concentrated momentum hits the phantom!
The phantom is heavily damaged.
You are unable to move.
Unknown command.
You hit the phantom.
The phantom is severely damaged.
The phantom hits you!
Ouch! That really hurt!
* * * LOW HITPOINT WARNING * * *
Unknown command.
You closely miss the phantom.
The phantom is severely damaged.
The phantom hits you.
Ouch! That really hurt!
You die...

...........##................#
...........###.....##.####...#
###........# #.....##.# #####
#........# #.....##.#
#........##########<#
#...._...........####
#...................##
#....................#
#............W@......#
#...........)........#
######...............#
#...........##'##
#...........##.#
#...........##.#
#...........##.#
#...........##.#
########...........##.#


You could see a phantom.

Vanquished Creatures
  Blork the orc (D:4)
  A jelly (D:2)
  Jessica (D:2)
  7 adders
  An ufetubus (D:4)
  2 worms (D:3)
  2 dart slugs
  7 orcs (D:4)
  4 bats
  6 endoplasms
  4 giant cockroaches
  4 goblins
  3 hobgoblins (D:3)
  5 jackals (D:2)
  5 kobolds
  8 ball pythons
  2 frilled lizards
  6 rats
69 creatures vanquished.

Notes
Turn   | Place    | Note
-------+----------+-------------------------------------------
     0 | D:1      | McKennaii the Demigod Reaver began the quest for the Orb.
     0 | D:1      | Reached XP level 1. HP: 17/17 MP: 5/5
   491 | D:1      | Reached XP level 2. HP: 19/24 MP: 7/7
  1199 | D:2      | Reached skill level 1 in Armour
  1199 | D:2      | Reached XP level 3. HP: 25/29 MP: 6/8
  1278 | D:2      | Noticed Jessica
  1287 | D:2      | Killed Jessica
  1288 | D:2      | Reached XP level 4. HP: 22/37 MP: 9/9
  1766 | D:3      | Found Hec Dati's Jewellery Shoppe.
  2215 | D:3      | Reached XP level 5. HP: 28/42 MP: 10/10
  2613 | D:4      | Noticed Blork the orc
  2673 | D:4      | Killed Blork the orc
  2674 | D:4      | Reached skill level 1 in Stealth
  2858 | D:4      | Found Sitinn's Magic Scroll Emporium.
  2936 | D:4      | Bought a scroll of teleportation for 42 gold pieces
  2936 | D:4      | Bought a scroll of blinking for 105 gold pieces
  3214 | D:4      | HP: 1/23 [ufetubus (2)]
  3611 | D:4      | Learned a level 2 spell: Momentum Strike
  3838 | D:4      | Slain by a phantom

Illustrated notes

Levels and vault maps discovered:
D:1:      minmay_arrival_widening_spiral_wide, layout_basic, serial_forest,
          infiniplex_forest_clump_medium, infiniplex_forest_clump_tiny,
          infiniplex_forest_lined_4_way, infiniplex_forest_zigzag_1,
          shapermc_ecumenical_altar_ellora,
          nicolae_concentric_dashed_squares_mild
D:2:      layout_basic, basic_altar, uniq_jessica
D:3:      layout_loops_cross, serial_shops, nicolae_square_shop,
          wander_ebering_terrifying_dragon_lair
D:4:      minmay_chambers_of_threes, layout_basic, cheibriados_altar_1,
          serial_shops, nicolae_shop_advertising_works
          [nicolae_subvault_shop_adworks], uniq_blork_the_orc

Skill      XL: |  1  2  3  4  5 |
---------------+----------------+-----
Polearms       | 3 |  3.0
Fighting       | 2 3 |  3.4
Spellcasting   | 2 |  2.2
Conjurations   | 3 |  3.7
Armour         | 1 2 |  2.3
Dodging        | 2 |  2.0
Stealth        | 1 |  1.3
Necromancy     | |  0.1

Action                     |  1- 3 |  4- 6 || total
---------------------------+-------+-------++-------
  Melee: Spear             |    92 |   231 ||   323
         Punch             |       |     1 ||     1
   Cast: Kiss of Death     |     1 |     7 ||     8
         Momentum Strike   |       |    10 ||    10
  Evoke: Wand              |       |     1 ||     1
    Use: Potion            |       |     3 ||     3
         Scroll            |       |     2 ||     2
   Stab: Sleeping          |       |     5 ||     5
 Armour: Leather armour    |    23 |    48 ||    71
  Dodge: Dodged            |    33 |   129 ||   162

Table legend: (Time is in decaauts)
 A = Elapsed time spent in this place.
 B = Non-inter-level travel time spent in this place.
 C = Inter-level travel time spent in this place.
 D = Time resting spent in this place.
 E = Time spent auto-exploring this place.
 F = Levels seen in this place.
 G = Mean time per level.
                   A        B        C        D        E       F      G
               +--------+--------+--------+--------+--------+-----+--------+
         Total |   3824 |   3709 |    115 |    338 |   2679 |   4 |  956.0 |
       Dungeon |   3824 |   3709 |    115 |    338 |   2679 |   4 |  956.0 |
               +--------+--------+--------+--------+--------+-----+--------+

Top non-repeatable levels by time:
     D:4: 1197 daAuts
     D:3: 924 daAuts
     D:1: 889 daAuts
     D:2: 813 daAuts
